[Event "LTU-chT 2020"]
[Site "Vilnius"]
[Date "2020.09.26"]
[Round "5.3"]
[White "Steponavicius, Stasys"]
[Black "Krivonosov, Oleg"]
[Result "1-0"]
[ECO "D31"]
[WhiteElo "2191"]
[BlackElo "2381"]
[Annotator "ChessBase"]
[PlyCount "85"]
[EventDate "2020.09.25"]
[EventType "team-tourn"]
[EventCountry "LTU"]
[SourceTitle "playchess.com"]
[Source "ChessBase"]
[SourceQuality "1"]
[TimeControl "40/5400+30:1800+30"]

1. d4 d5 2. c4 e6 3. Nc3 Be7 4. cxd5 exd5 5. Bf4 c6 6. e3 Bd6 7. Nge2 Ne7 8. Bxd6 Qxd6 9. Ng3 Nd7 10. Bd3 Nf6 11. Qc2 O-O 12. O-O-O Bd7 13. Kb1 c5 14. dxc5 Qxc5 15. e4 dxe4 16. Ngxe4 Nxe4 17. Bxe4 Bf5 18. Bxf5 Qxf5 19. Qxf5 Nxf5 20. Rd7 Rab8 21. Rhd1 h5 22. R1d5 g6 23. Rb5 Rfe8 24. Rbxb7 Re1+ 25. Kc2 Rxb7 26. Rxb7 Rg1 27. g3 Rg2 28. Ne4 Rxh2 29. Kd3 a5 30. Ra7 Nh6 31. Rxa5 Ng4 32. b4 Nxf2+ 33. Nxf2 Rxf2 34. b5 g5 35. a4 Rb2 36. Kc3 Rb1 37. Ra6 Kg7 38. Rd6 f5 39. b6 h4 40. gxh4 gxh4 41. a5 h3 42. Rd2 Kf6 43. Kc4 1-0

[Event "LTU-chT 2020"]
[Site "Vilnius"]
[Date "2020.09.26"]
[Round "5.4"]
[White "Vedrickas, Tautvydas"]
[Black "Solys, Laimutis"]
[Result "1-0"]
[ECO "D31"]
[WhiteElo "2399"]
[BlackElo "2330"]
[Annotator "ChessBase"]
[PlyCount "159"]
[EventDate "2020.09.25"]
[EventType "team-tourn"]
[EventCountry "LTU"]
[SourceTitle "playchess.com"]
[Source "ChessBase"]
[SourceQuality "1"]
[TimeControl "40/5400+30:1800+30"]

1. d4 d5 2. c4 e6 3. Nc3 a6 4. cxd5 exd5 5. Nf3 Nf6 6. Bg5 Be6 7. e3 Nbd7 8. Bd3 Bd6 9. O-O O-O 10. Rc1 h6 11. Bh4 c6 12. Na4 Qe7 13. Bb1 Rfe8 14. Qb3 Rab8 15. Qc2 Bg4 16. Nc5 g5 17. Bg3 Bxf3 18. gxf3 Nxc5 19. dxc5 Bxg3 20. hxg3 Kg7 21. Rcd1 Qe6 22. Kg2 Rh8 23. Rd4 h5 24. Rh1 Rbe8 25. b4 Reg8 26. a4 Kf8 27. Qc3 Ne8 28. b5 axb5 29. axb5 Nc7 30. bxc6 bxc6 31. Ra4 Rh6 32. Qa5 Qe7 33. Bf5 Kg7 34. e4 Qe5 35. Qd2 Kh8 36. Ra7 Rg7 37. Qa5 dxe4 38. Bxe4 Ne6 39. Rd1 Qxc5 40. Ra8+ Rg8 41. Qa1+ f6 42. Rd7 Rxa8 43. Qxa8+ Qf8 44. Qa7 f5 45. Rf7 fxe4 46. Rxf8+ Nxf8 47. fxe4 g4 48. Qe7 Kg8 49. Kf1 Rg6 50. Qe5 Rh6 51. Ke2 Ne6 52. Ke3 Kf7 53. Qf5+ Kg7 54. Kd3 Kg8 55. Kc4 Kg7 56. e5 Kg8 57. Qe4 Nf8 58. Qf4 Kg7 59. Qg5+ Kh7 60. Qd8 Ne6 61. Qd7+ Ng7 62. Kd4 Re6 63. Qf7 Rg6 64. Kc5 Re6 65. Qf4 Kg6 66. Kb6 Ne8 67. Qe4+ Kh6 68. Qf4+ Kg6 69. Kb7 Ng7 70. Kc8 c5 71. Kd7 c4 72. Qe4+ Kh6 73. Qxc4 Rg6 74. Qf4+ Kh7 75. Qf7 Ra6 76. Qc4 Rg6 77. Qe4 Kh6 78. Ke7 Re6+ 79. Kf7 h4 80. Qxg4 1-0

[Event "LTU-chT 2020"]
[Site "Vilnius"]
[Date "2020.09.26"]
[Round "5.5"]
[White "Miknevicius, Laurynas"]
[Black "Setkauskas, Vaidas"]
[Result "1/2-1/2"]
[ECO "A04"]
[WhiteElo "2192"]
[BlackElo "2238"]
[Annotator "ChessBase"]
[PlyCount "63"]
[EventDate "2020.09.25"]
[EventType "team-tourn"]
[EventCountry "LTU"]
[SourceTitle "playchess.com"]
[Source "ChessBase"]
[SourceQuality "1"]
[TimeControl "40/5400+30:1800+30"]

1. Nf3 c5 2. c4 Nf6 3. Nc3 e6 4. g3 b6 5. Bg2 Bb7 6. O-O a6 7. d4 cxd4 8. Nxd4 Bxg2 9. Kxg2 Qc7 10. Qd3 Nc6 11. Nxc6 Qxc6+ 12. f3 Rc8 13. Be3 Qxc4 14. Qxc4 Rxc4 15. Bxb6 Bb4 16. Rac1 Ke7 17. e4 Rb8 18. Na4 Rbc8 19. Be3 d5 20. a3 Bd6 21. exd5 Nxd5 22. Bd2 g6 23. Nc3 Nxc3 24. Rxc3 Rxc3 25. Bxc3 Bxa3 26. Rc1 Bd6 27. f4 Rc5 28. Ra1 Rc6 29. Kf3 Rb6 30. Ra4 Kd7 31. Kg4 h5+ 32. Kg5 1/2-1/2

[Event "LTU-chT 2020"]
[Site "Vilnius"]
[Date "2020.09.26"]
[Round "5.6"]
[White "Chocenka, Dmitrijus"]
[Black "Kaunas, Kestutis"]
[Result "1/2-1/2"]
[ECO "B13"]
[WhiteElo "2333"]
[BlackElo "2164"]
[Annotator "ChessBase"]
[PlyCount "160"]
[EventDate "2020.09.25"]
[EventType "team-tourn"]
[EventCountry "LTU"]
[SourceTitle "playchess.com"]
[Source "ChessBase"]
[SourceQuality "1"]
[TimeControl "40/5400+30:1800+30"]

1. e4 c6 2. d4 d5 3. exd5 cxd5 4. c4 Nf6 5. Nc3 Nc6 6. Nf3 Bg4 7. cxd5 Nxd5 8. Qb3 Bxf3 9. gxf3 e6 10. Qxb7 Nxd4 11. Bb5+ Nxb5 12. Qc6+ Ke7 13. Qxb5 Qd7 14. Nxd5+ Qxd5 15. Bg5+ f6 16. Qxd5 exd5 17. Be3 Ke6 18. O-O-O Bb4 19. a3 Ba5 20. b4 Bb6 21. Rhe1 Kd6 22. Bf4+ Kc6 23. Re6+ Kb5 24. Rxd5+ Kc4 25. Rd2 Rhe8 26. Rc6+ Kb3 27. Rd3+ Ka4 28. Be3 Rad8 29. Rxd8 Rxd8 30. Bxb6 axb6 31. Rxb6 Kxa3 32. Kc2 Rc8+ 33. Kd3 Kb3 34. Rb7 Rc3+ 35. Ke2 Rc2+ 36. Kf1 g5 37. Rxh7 Kxb4 38. Rb7+ Ka5 39. Kg2 Ka6 40. Rb1 Rc4 41. Kg3 Ka7 42. Re1 Kb7 43. Re4 Rc1 44. h3 Rc5 45. f4 Kc7 46. Rd4 Kc6 47. fxg5 fxg5 48. h4 gxh4+ 49. Kxh4 Rf5 50. f4 Kc5 51. Kg4 Rf8 52. Rd7 Kc6 53. Rd1 Rg8+ 54. Kf3 Rf8 55. Rd2 Kc5 56. Re2 Kd6 57. Re5 Rf6 58. Kg4 Rf8 59. Kg5 Rg8+ 60. Kf5 Rf8+ 61. Ke4 Rh8 62. Ra5 Ke6 63. Ra6+ Kf7 64. Ke5 Re8+ 65. Kf5 Re7 66. Kg5 Rb7 67. f5 Kg7 68. Rg6+ Kh7 69. Rh6+ Kg8 70. Kg6 Rb1 71. Rh2 Rb7 72. Ra2 Rg7+ 73. Kf6 Rf7+ 74. Ke6 Kg7 75. Rg2+ Kf8 76. f6 Ra7 77. Rb2 Ra6+ 78. Kf5 Ra1 79. Re2 Rb1 80. Re4 Ra1 1/2-1/2

[Event "LTU-chT 2020"]
[Site "Vilnius"]
[Date "2020.09.26"]
[Round "5.7"]
[White "Juknis, Paulius"]
[Black "Limontas, Martynas"]
[Result "1/2-1/2"]
[ECO "D02"]
[WhiteElo "2145"]
[BlackElo "2301"]
[Annotator "ChessBase"]
[PlyCount "32"]
[EventDate "2020.09.25"]
[EventType "team-tourn"]
[EventCountry "LTU"]
[SourceTitle "playchess.com"]
[Source "ChessBase"]
[SourceQuality "1"]
[TimeControl "40/5400+30:1800+30"]

1. d4 d5 2. Nf3 Nc6 3. g3 Bg4 4. Bg2 Qd7 5. O-O Bh3 6. c4 Bxg2 7. Kxg2 e6 8. Qa4 Nf6 9. Nc3 Be7 10. cxd5 exd5 11. Bg5 h6 12. Bxf6 Bxf6 13. e3 O-O 14. Rac1 Rfd8 15. Qc2 Ne7 16. Ne2 c6 1/2-1/2

[Event "LTU-chT 2020"]
[Site "Vilnius"]
[Date "2020.09.26"]
[Round "5.8"]
[White "Mickevicius, Juras"]
[Black "Jankunas, Tomas"]
[Result "1-0"]
[ECO "E69"]
[WhiteElo "2277"]
[BlackElo "2127"]
[Annotator "ChessBase"]
[PlyCount "81"]
[EventDate "2020.09.25"]
[EventType "team-tourn"]
[EventCountry "LTU"]
[SourceTitle "playchess.com"]
[Source "ChessBase"]
[SourceQuality "1"]
[TimeControl "40/5400+30:1800+30"]

1. d4 Nf6 2. c4 g6 3. g3 Bg7 4. Bg2 O-O 5. Nf3 d6 6. Nc3 Nbd7 7. O-O e5 8. e4 c6 9. h3 Qb6 10. Re1 exd4 11. Nxd4 Re8 12. Nc2 Qc7 13. b3 Nc5 14. Bf4 Rd8 15. Qd2 Ne6 16. Bh6 Bh8 17. Rac1 a5 18. Red1 Nd7 19. Ne3 Ndc5 20. Ne2 Qe7 21. f4 Nc7 22. Nc3 Ne8 23. g4 Be6 24. Rf1 Bd7 25. Bg5 Bf6 26. Ned5 cxd5 27. Nxd5 Qe6 28. f5 Qe5 29. Nxf6+ Nxf6 30. fxg6 Ncxe4 31. gxf7+ Kh8 32. Bxe4 Nxe4 33. Bxd8 Rxd8 34. f8=Q+ Rxf8 35. Rxf8+ Kg7 36. Qf4 Qd4+ 37. Kf1 Qd3+ 38. Ke1 Be6 39. Re8 Nc5 40. Qg5+ Kf7 41. Re7+ 1-0

[Event "LTU-chT 2020"]
[Site "Vilnius"]
[Date "2020.09.26"]
[Round "5.9"]
[White "Valantiejus, Vaidotas"]
[Black "Viskelis, Darius"]
[Result "0-1"]
[ECO "C65"]
[WhiteElo "2099"]
[BlackElo "2226"]
[Annotator "ChessBase"]
[PlyCount "138"]
[EventDate "2020.09.25"]
[EventType "team-tourn"]
[EventCountry "LTU"]
[SourceTitle "playchess.com"]
[Source "ChessBase"]
[SourceQuality "1"]
[TimeControl "40/5400+30:1800+30"]

1. e4 e5 2. Nf3 Nc6 3. Bb5 Bc5 4. c3 Nf6 5. O-O O-O 6. d4 Bb6 7. Bg5 h6 8. Bh4 d6 9. Qd3 g5 10. Nxg5 hxg5 11. Bxg5 Kg7 12. Bxc6 bxc6 13. f4 exd4 14. cxd4 Ba6 15. Qxa6 Bxd4+ 16. Kh1 Bxb2 17. Nd2 Bxa1 18. e5 dxe5 19. Ne4 Nxe4 20. Bxd8 Bd4 21. Bh4 Rh8 22. Qxc6 Rxh4 23. Qxe4 Rah8 24. h3 c5 25. Rf3 exf4 26. Rxf4 Rxf4 27. Qxf4 Rh6 28. h4 Re6 29. Qg4+ Rg6 30. Qe4 Re6 31. Qc2 Rg6 32. h5 Rg4 33. Kh2 Rh4+ 34. Kg3 Rxh5 35. Qa4 Rg5+ 36. Kf3 Be5 37. g4 Bf6 38. Qc4 Re5 39. a4 a5 40. Qb5 Rg5 41. Qxa5 c4 42. Qc7 c3 43. a5 c2 44. Qxc2 Rxa5 45. Qc8 Ra3+ 46. Kf4 Ra4+ 47. Kf3 Ra1 48. Qd7 Rf1+ 49. Kg2 Rf4 50. Qc8 Be5 51. Kh3 Rf3+ 52. Kg2 Rf4 53. Kh3 Rf6 54. Kg2 Re6 55. Kf3 Bf6 56. Kf4 Bd4 57. Kf3 Rf6+ 58. Ke4 Bf2 59. Qc3 Kg6 60. Qc8 Re6+ 61. Kf3 Bd4 62. Qg8+ Bg7 63. Kf4 Re1 64. Kf3 Rg1 65. Kf4 Rf1+ 66. Kg3 Rg1+ 67. Kf4 Rh1 68. Kg3 Rh8 69. Qxh8 Bxh8 0-1

[Event "LTU-chT 2020"]
[Site "Vilnius"]
[Date "2020.09.26"]
[Round "5.10"]
[White "Bastys, Robertas"]
[Black "Aleknavicius, Andrius"]
[Result "0-1"]
[ECO "A04"]
[WhiteElo "2232"]
[BlackElo "1947"]
[Annotator "ChessBase"]
[PlyCount "30"]
[EventDate "2020.09.25"]
[EventType "team-tourn"]
[EventCountry "LTU"]
[SourceTitle "playchess.com"]
[Source "ChessBase"]
[SourceQuality "1"]
[TimeControl "40/5400+30:1800+30"]

1. Nf3 f5 2. d3 Nc6 3. e4 e5 4. exf5 d5 5. g4 h5 6. gxh5 Bxf5 7. Bg5 Be7 8. Rg1 Rxh5 9. Bxe7 Qxe7 10. Be2 O-O-O 11. Qd2 e4 12. Ng5 exd3 13. cxd3 Nd4 14. Kf1 Nxe2 15. Qxe2 Rxg5 0-1

[Event "LTU-chT 2020"]
[Site "Vilnius"]
[Date "2020.09.27"]
[Round "6.1"]
[White "Laurusas, Tomas"]
[Black "Vaicekauskas, Gytis"]
[Result "1-0"]
[ECO "A85"]
[WhiteElo "2503"]
[BlackElo "2226"]
[Annotator "ChessBase"]
[PlyCount "57"]
[EventDate "2020.09.25"]
[EventType "team-tourn"]
[EventCountry "LTU"]
[SourceTitle "playchess.com"]
[Source "ChessBase"]
[SourceQuality "1"]
[TimeControl "40/5400+30:1800+30"]

1. d4 f5 2. c4 Nf6 3. Nc3 b6 4. Nf3 Bb7 5. d5 Na6 6. g3 e6 7. Bg2 Bb4 8. Bd2 Nc5 9. Rc1 O-O 10. dxe6 dxe6 11. O-O Qe7 12. Bf4 Bxc3 13. Rxc3 Rad8 14. Qa1 Bxf3 15. exf3 e5 16. Re3 Nd3 17. Bxe5 Nxe5 18. f4 Nfg4 19. Re2 Qd6 20. fxe5 Nxe5 21. b3 Ng6 22. Bd5+ Kh8 23. Re6 Qa3 24. Rfe1 Rd6 25. Rxd6 Qxd6 26. Re6 Qa3 27. h4 f4 28. h5 fxg3 29. h6 1-0

[Event "LTU-chT 2020"]
[Site "Vilnius"]
[Date "2020.09.27"]
[Round "6.2"]
[White "Kalvaitis, Sigitas"]
[Black "Pultinevicius, Paulius"]
[Result "0-1"]
[ECO "B11"]
[WhiteElo "2180"]
[BlackElo "2510"]
[Annotator "ChessBase"]
[PlyCount "77"]
[EventDate "2020.09.25"]
[EventType "team-tourn"]
[EventCountry "LTU"]
[SourceTitle "playchess.com"]
[Source "ChessBase"]
[SourceQuality "1"]
[TimeControl "40/5400+30:1800+30"]

1. e4 c6 2. Nf3 d5 3. Nc3 Bg4 4. h3 Bxf3 5. Qxf3 e6 6. d3 Nf6 7. Be2 Nbd7 8. O-O Bc5 9. Rd1 Bd4 10. Be3 Bxe3 11. Qxe3 Qb6 12. d4 Nxe4 13. Nxe4 dxe4 14. Qxe4 Nf6 15. Qe5 Rd8 16. Rab1 O-O 17. c3 Rd5 18. Qe3 e5 19. Bc4 exd4 20. Rxd4 Rxd4 21. Qxd4 Qxd4 22. cxd4 Rd8 23. Rd1 c5 24. d5 Ne4 25. a4 Nd6 26. Bd3 Kf8 27. a5 c4 28. Be2 Rc8 29. Rd4 Rc5 30. Kf1 Rxa5 31. Bxc4 Ra4 32. b3 Rb4 33. Rd1 a5 34. Ke2 Ke7 35. Kd2 Nxc4+ 36. bxc4 Rxc4 37. Kd3 Rc5 38. Ke4 Kd6 39. Kd4 0-1

[Event "LTU-chT 2020"]
[Site "Vilnius"]
[Date "2020.09.27"]
[Round "6.3"]
[White "Vedrickas, Tautvydas"]
[Black "Vasylius, Kestutis"]
[Result "1/2-1/2"]
[ECO "E48"]
[WhiteElo "2399"]
[BlackElo "2045"]
[Annotator "ChessBase"]
[PlyCount "177"]
[EventDate "2020.09.25"]
[EventType "team-tourn"]
[EventCountry "LTU"]
[SourceTitle "playchess.com"]
[Source "ChessBase"]
[SourceQuality "1"]
[TimeControl "40/5400+30:1800+30"]

1. d4 Nf6 2. c4 e6 3. Nc3 Bb4 4. e3 O-O 5. Bd3 d5 6. Nge2 dxc4 7. Bxc4 a6 8. a3 Be7 9. Nf4 b5 10. Qf3 Ra7 11. Ba2 c5 12. O-O cxd4 13. exd4 Bb7 14. Qh3 Qd6 15. Re1 Re8 16. Bd2 Bc8 17. Rad1 Nbd7 18. Rxe6 Nf8 19. Rxd6 Bxh3 20. Rxf6 Bxf6 21. Nxh3 Bxd4 22. Ng5 h6 23. Nf3 Bf6 24. Be3 Rd7 25. Rxd7 Nxd7 26. g3 Ne5 27. Nxe5 Bxe5 28. Bd5 Rb8 29. f4 Bf6 30. Bc5 a5 31. Kg2 b4 32. axb4 axb4 33. Na4 Rd8 34. Bc4 Bxb2 35. Bxb4 Bd4 36. Be2 Ra8 37. Nc3 Bxc3 38. Bxc3 Ra3 39. Bd4 Rb3 40. h4 Ra3 41. Kh3 Ra2 42. Bf3 Ra3 43. Kg2 Ra2+ 44. Bf2 Ra4 45. f5 Ra5 46. Be4 Ra3 47. Bc5 Rc3 48. Bd6 Re3 49. Bf3 Rd3 50. Bf4 Ra3 51. Kf2 Rb3 52. Be4 Ra3 53. Ke2 Rb3 54. Bd3 Ra3 55. Ke3 Ra4 56. Be4 Rb4 57. Bd5 Ra4 58. Kd3 Rb4 59. Bc4 Ra4 60. Kd4 Rb4 61. Kc5 Rb1 62. Bd5 Ra1 63. Kc6 Rd1 64. Kd6 Kf8 65. f6 Re1 66. h5 Re2 67. Kd7 Re1 68. Bb3 Re2 69. Bd6+ Kg8 70. Bf4 Kf8 71. Kd6 Re1 72. Bc4 Re4 73. Bb3 Re1 74. Bd5 Re2 75. g4 Rf2 76. fxg7+ Kxg7 77. Be3 Re2 78. Bd4+ f6 79. Be6 Rd2 80. Kd5 Rd1 81. Bf5 Re1 82. Kc4 Rd1 83. Kc3 Ra1 84. Bd3 Ra2 85. Bc2 Ra1 86. Kd3 Ra2 87. Bd1 Ra5 88. Ke4 Rb5 89. Bc2 1/2-1/2

[Event "LTU-chT 2020"]
[Site "Vilnius"]
[Date "2020.09.27"]
[Round "6.4"]
[White "Maciuitis, Ignas"]
[Black "Sakalauskas, Vaidas"]
[Result "0-1"]
[ECO "B27"]
[WhiteElo "1844"]
[BlackElo "2331"]
[Annotator "ChessBase"]
[PlyCount "76"]
[EventDate "2020.09.25"]
[EventType "team-tourn"]
[EventCountry "LTU"]
[SourceTitle "playchess.com"]
[Source "ChessBase"]
[SourceQuality "1"]
[TimeControl "40/5400+30:1800+30"]

1. e4 c5 2. Nf3 g6 3. g3 Bg7 4. Bg2 Nf6 5. Nc3 Nc6 6. O-O d5 7. exd5 Nxd5 8. Nxd5 Qxd5 9. d3 O-O 10. Re1 Qh5 11. Ng5 Qxd1 12. Rxd1 Nd4 13. Rd2 Rb8 14. c3 Ne6 15. Re2 Nxg5 16. Bxg5 f6 17. Bd5+ Kh8 18. Bd2 e5 19. f4 Bf5 20. Be4 Bxe4 21. dxe4 Rbe8 22. Rae1 Rf7 23. Kg2 Rd7 24. Bc1 Bh6 25. Kf3 Red8 26. h4 Kg7 27. Kg4 Rd3 28. Rf1 R8d7 29. Rff2 b6 30. Rd2 Bxf4 31. Rxd3 Rxd3 32. Bxf4 h5+ 33. Kh3 exf4 34. Rxf4 Rd2 35. Rf3 Rxb2 36. Rd3 Rxa2 37. Rd7+ Kh6 38. Rf7 Ra4 0-1

[Event "LTU-chT 2020"]
[Site "Vilnius"]
[Date "2020.09.27"]
[Round "6.5"]
[White "Setkauskas, Vaidas"]
[Black "Kurmis, Edvinas"]
[Result "1-0"]
[ECO "C65"]
[WhiteElo "2238"]
[BlackElo "1622"]
[Annotator "ChessBase"]
[PlyCount "67"]
[EventDate "2020.09.25"]
[EventType "team-tourn"]
[EventCountry "LTU"]
[SourceTitle "playchess.com"]
[Source "ChessBase"]
[SourceQuality "1"]
[TimeControl "40/5400+30:1800+30"]

1. e4 e5 2. Nf3 Nc6 3. Bb5 Nf6 4. d3 d6 5. O-O a6 6. Ba4 b5 7. Bb3 Be7 8. c3 Bg4 9. h3 Bh5 10. Re1 O-O 11. Nbd2 Na5 12. Bc2 c5 13. Nf1 Nb7 14. g4 Bg6 15. Ng3 h6 16. Nh4 Bh7 17. Nhf5 Bxf5 18. Nxf5 Nh7 19. Bb3 Bg5 20. a4 Bxc1 21. Qxc1 Ng5 22. Qe3 Ne6 23. axb5 axb5 24. Rxa8 Qxa8 25. Bd5 Rd8 26. Ne7+ Kf8 27. Ng6+ fxg6 28. Bxe6 Ke7 29. Bd5 Rf8 30. d4 exd4 31. cxd4 Qa7 32. e5 cxd4 33. exd6+ Kxd6 34. Qe5+ 1-0

[Event "LTU-chT 2020"]
[Site "Vilnius"]
[Date "2020.09.27"]
[Round "6.6"]
[White "Chocenka, Dmitrijus"]
[Black "Juksta, Karolis"]
[Result "1-0"]
[ECO "C11"]
[WhiteElo "2333"]
[BlackElo "2394"]
[Annotator "ChessBase"]
[PlyCount "147"]
[EventDate "2020.09.25"]
[EventType "team-tourn"]
[EventCountry "LTU"]
[SourceTitle "playchess.com"]
[Source "ChessBase"]
[SourceQuality "1"]
[TimeControl "40/5400+30:1800+30"]

1. e4 e6 2. d4 d5 3. Nc3 Nf6 4. e5 Nfd7 5. f4 c5 6. Nf3 Nc6 7. Be3 Be7 8. Qd2 O-O 9. dxc5 Qa5 10. Nb5 Qxd2+ 11. Kxd2 Nxc5 12. Bd3 Bd7 13. Nbd4 Rac8 14. a3 Na5 15. Ke2 Nc4 16. Bc1 Ne4 17. b3 Na5 18. Be3 f5 19. Rhg1 b6 20. g4 Nb7 21. gxf5 exf5 22. Rg2 Nbc5 23. Rag1 g6 24. h4 Ne6 25. Nxe6 Bxe6 26. h5 g5 27. Nd4 Bf7 28. Rh2 Be8 29. Ne6 g4 30. Nxf8 Bxf8 31. a4 Bb4 32. Bxe4 dxe4 33. c4 Kf7 34. Rd1 Ke6 35. Bf2 Bf7 36. Bh4 Be8 37. Bg5 Bc5 38. h6 Bc6 39. Rg2 e3 40. Rg3 Rc7 41. Rxe3 Bf3+ 42. Rxf3 gxf3+ 43. Kxf3 Rd7 44. Rxd7 Kxd7 45. Ke2 Ke6 46. Kd3 Kd7 47. Kc3 a5 48. Kd3 Ke6 49. Ke2 Kd7 50. Kf3 Bf8 51. Bh4 Bc5 52. Bf2 Kc6 53. Bh4 Kd7 54. Kg3 Bf8 55. Bg5 Bc5 56. Kg2 Bf8 57. Kf3 Ba3 58. Bh4 Bf8 59. c5 bxc5 60. Be1 Bxh6 61. Bxa5 Bf8 62. Be1 Be7 63. Kg3 Bd8 64. Kh3 Ke6 65. Bh4 Ba5 66. Bg5 Be1 67. Bd8 Kd7 68. Bb6 Kc6 69. e6 Kd6 70. a5 Bxa5 71. Bxa5 Kxe6 72. Kh4 Kd5 73. Kg5 Ke4 74. Bc7 1-0

[Event "LTU-chT 2020"]
[Site "Vilnius"]
[Date "2020.09.27"]
[Round "6.7"]
[White "Stremavicius, Pijus"]
[Black "Limontas, Martynas"]
[Result "0-1"]
[ECO "A04"]
[WhiteElo "2189"]
[BlackElo "2301"]
[Annotator "ChessBase"]
[PlyCount "58"]
[EventDate "2020.09.25"]
[EventType "team-tourn"]
[EventCountry "LTU"]
[SourceTitle "playchess.com"]
[Source "ChessBase"]
[SourceQuality "1"]
[TimeControl "40/5400+30:1800+30"]

1. Nf3 Nc6 2. d4 d5 3. e3 Bg4 4. h3 Bxf3 5. Qxf3 e5 6. Bb5 e4 7. Qe2 a6 8. Bxc6+ bxc6 9. c4 f5 10. O-O Nf6 11. f3 Bd6 12. c5 Be7 13. Nc3 O-O 14. fxe4 Nxe4 15. Nxe4 dxe4 16. Bd2 Qd5 17. Ba5 Bd8 18. b4 Rf7 19. g4 f4 20. exf4 Bf6 21. Rad1 Bxd4+ 22. Kh2 Rd8 23. Kg3 g5 24. fxg5 Rf3+ 25. Kh4 h6 26. Rxf3 hxg5+ 27. Kh5 Kg7 28. Rf5 Bf6 29. Rdxd5 Rh8# 0-1

[Event "LTU-chT 2020"]
[Site "Vilnius"]
[Date "2020.09.27"]
[Round "6.8"]
[White "Mickevicius, Juras"]
[Black "Vaznonis, Vytautas"]
[Result "0-1"]
[ECO "D12"]
[WhiteElo "2277"]
[BlackElo "2378"]
[Annotator "ChessBase"]
[PlyCount "76"]
[EventDate "2020.09.25"]
[EventType "team-tourn"]
[EventCountry "LTU"]
[SourceTitle "playchess.com"]
[Source "ChessBase"]
[SourceQuality "1"]
[TimeControl "40/5400+30:1800+30"]

1. d4 d5 2. c4 c6 3. Nf3 Nf6 4. e3 Bf5 5. Nc3 e6 6. Nh4 Be4 7. f3 Bg6 8. Qb3 Qc7 9. Bd2 Be7 10. Rc1 Nbd7 11. cxd5 exd5 12. g3 Nb6 13. Be2 Qd7 14. O-O Rd8 15. a4 Nc8 16. a5 O-O 17. Na4 Nd6 18. Nc5 Qc7 19. Nxg6 hxg6 20. Bd3 Nd7 21. Na4 Nf6 22. Qc2 a6 23. Nc5 Nd7 24. Nb3 Bg5 25. e4 Bxd2 26. Qxd2 dxe4 27. fxe4 Nb5 28. Qe2 Nxd4 29. Nxd4 Ne5 30. Nxc6 Nxc6 31. Bc4 Qxa5 32. Bd5 Nb4 33. Bxf7+ Rxf7 34. Qc4 Qb6+ 35. Kh1 Rdf8 36. Rxf7 Rxf7 37. Rf1 Qc7 38. Qe6 Qd7 0-1

[Event "LTU-chT 2020"]
[Site "Vilnius"]
[Date "2020.09.27"]
[Round "6.9"]
[White "Butvilas, Aistis"]
[Black "Viskelis, Darius"]
[Result "1-0"]
[ECO "D35"]
[WhiteElo "2057"]
[BlackElo "2226"]
[Annotator "ChessBase"]
[PlyCount "47"]
[EventDate "2020.09.25"]
[EventType "team-tourn"]
[EventCountry "LTU"]
[SourceTitle "playchess.com"]
[Source "ChessBase"]
[SourceQuality "1"]
[TimeControl "40/5400+30:1800+30"]

1. d4 Nf6 2. c4 e6 3. Nc3 d5 4. cxd5 Nxd5 5. e4 Nxc3 6. bxc3 c5 7. Nf3 cxd4 8. cxd4 Bb4+ 9. Bd2 Bxd2+ 10. Qxd2 O-O 11. Bc4 Nd7 12. O-O Nb6 13. Bb3 Bd7 14. a4 a5 15. d5 exd5 16. exd5 Bf5 17. Rfe1 Qd6 18. Qd4 Rfd8 19. Re5 Bg6 20. Rae1 Nd7 21. Re7 Nc5 22. Bc4 b6 23. Bb5 Ne6 24. R1xe6 1-0

[Event "LTU-chT 2020"]
[Site "Vilnius"]
[Date "2020.09.27"]
[Round "6.10"]
[White "Burstein, Roman"]
[Black "Baliasnyj, Timur"]
[Result "1-0"]
[ECO "A39"]
[WhiteElo "2302"]
[BlackElo "2211"]
[Annotator "ChessBase"]
[PlyCount "73"]
[EventDate "2020.09.25"]
[EventType "team-tourn"]
[EventCountry "LTU"]
[SourceTitle "playchess.com"]
[Source "ChessBase"]
[SourceQuality "1"]
[TimeControl "40/5400+30:1800+30"]

1. c4 c5 2. g3 g6 3. Bg2 Bg7 4. Nc3 Nc6 5. Nf3 Nf6 6. O-O O-O 7. d4 cxd4 8. Nxd4 Nxd4 9. Qxd4 d6 10. Qd2 Be6 11. Bxb7 Rb8 12. Bg2 Bxc4 13. b3 Nd5 14. Bb2 Nxc3 15. Bxc3 Bxc3 16. Qxc3 Bxe2 17. Rfe1 Bb5 18. Qe3 Qa5 19. b4 Qxb4 20. Qxa7 e6 21. Rab1 Qa4 22. Qc7 Rbd8 23. Qb6 Bc4 24. h4 d5 25. h5 Qa3 26. Qd4 Qd3 27. Qa1 Qd2 28. Qf6 Rb8 29. f4 Rxb1 30. Rxb1 Qe3+ 31. Kh2 Qe2 32. hxg6 Qh5+ 33. Kg1 Qxg6 34. Qxg6+ hxg6 35. a4 Ra8 36. Rb4 Kf8 37. Rxc4 1-0